 Dungeon Crawl Stone Soup version 0.28.0 (webtiles) character file.

Game seed: 13363435201312806439

954 Peloso the Slasher (level 7, -2/61 HPs)
             Began as a Minotaur Fighter on Feb 11, 2022.
             Splashed by a jelly's acid (7 damage)
             ... on level 6 of the Dungeon.
             The game lasted 00:05:52 (3618 turns).

Peloso the Slasher (Minotaur Fighter)               Turns: 3618, Time: 00:05:52

Health: -2/61      AC: -1    Str: 20    XL:     7   Next: 90%
Magic:  6/6        EV:  8    Int:  5    God:
Gold:   213        SH:  5    Dex: 12    Spells: 6/6 levels left

rFire   . . .      SeeInvis .   a - +1 long sword
rCold   . . .      Faith    .   c - +0 buckler
rNeg    . . .      Spirit   .   k - +0 chain mail
rPois   .          Reflect  .   (helmet restricted)
rElec   .          Harm     .   (no cloak)
rCorr   .          Rampage  .   (no gloves)
Will    .....                   (no boots)
Stlth   ..........              (no amulet)
HPRegen 0.20/turn               (no ring)
MPRegen 0.10/turn               (no ring)

@: corroded
A: horns 2, retaliatory headbutt
a: no special abilities


You were on level 6 of the Dungeon.
You visited 1 branch of the dungeon, and saw 5 of its levels.

You collected 213 gold pieces.

Inventory:

Hand Weapons
 a - a +1 long sword (weapon)
 b - the +9 quarterstaff of Regicide {elec, Dex+4}
   (You found it on level 2 of the Dungeon)

   It occasionally discharges a powerful burst of electricity upon striking a
   foe.
   Dex:       It affects your dexterity (+4).
Armour
 c - a +0 buckler (worn)
 j - a +0 scale mail
 k - a +0 chain mail (worn)
Wands
 n - a wand of flame (9)
Scrolls
 d - a scroll of enchant armour {unknown}
 g - a scroll of teleportation {unknown}
 o - a scroll of immolation {unknown}
 q - a scroll of enchant weapon
 r - a scroll of amnesia
Potions
 e - 3 potions of mutation {unknown}
 f - 3 potions of brilliance
 h - a potion of degeneration {unknown}
 i - a potion of haste {unknown}
 l - a potion of heal wounds {unknown}
 m - a potion of curing {unknown}
 p - a potion of flight {unknown}


   Skills:
 + Level 5.5 Fighting
 + Level 7.0 Long Blades
 + Level 6.5 Armour
 + Level 2.5 Dodging
 + Level 1.0 Stealth
 + Level 5.1 Shields


You had 6 spell levels left.
You didn't know any spells.
Your spell library contained the following spells:

 Spells                   Type           Power      Damage    Failure   Level
 Blink                    Tloc           0%         N/A       100%        2
 Sublimation of Blood     Necr           0%         N/A       100%        2
 Wereblood                Tmut           0%         N/A       100%        2
 Manifold Assault         Tloc           0%         N/A       100%        5
 Storm Form               Tmut/Air       0%         N/A       100%        7
 Summon Hydra             Summ           0%         N/A       100%        7


Dungeon Overview and Level Annotations

Branches:
Dungeon (4/15)
 Temple: D:4-7

Altars:
Nemelex Xobeh
Qazlal
Ru
Vehumet
Yredelemnul


Innate Abilities, Weirdness & Mutations

You have a pair of horns on your head.
You reflexively headbutt those who attack you in melee.


Message History

The adder is heavily wounded.
The adder bites you but does no damage.
You slash the adder!
You kill the adder!
You see here an adder corpse.
Found a stone staircase leading down.
You now have 213 gold pieces (gained 8).
q - a scroll of enchant weapon
r - a scroll of amnesia
Found a stone staircase leading up.
Found 17 arrows.
Found a falchion.
A jelly comes into view.
The jelly quivers.
A jelly comes into view.
The jelly quivers.
The jelly hits you. The acid corrodes you!
You are splashed with acid.
You hit the jelly but do no damage.
Your hands burn!
The jelly hits you but does no damage.
You hit the jelly.
Your hands burn!
The jelly is lightly wounded.
The jelly hits you.
You are splashed with acid!
You hit the jelly.
Your hands burn!
You headbutt the jelly!
The jelly is severely wounded.
The jelly hits you but does no damage.
You hit the jelly but do no damage. The acid corrodes you!
Your hands burn!
The jelly is severely wounded.
The jelly hits you.
You are splashed with acid!
The jelly hits you but does no damage.
You hit the jelly.
Your hands burn!
* * * LOW HITPOINT WARNING * * *
The jelly is severely wounded.
The jelly hits you.
* * * LOW HITPOINT WARNING * * *
The acid corrodes you!
You are splashed with acid!
* * * LOW HITPOINT WARNING * * *
The jelly hits you.
* * * LOW HITPOINT WARNING * * *
You are splashed with acid!
You die...

..# .## ......# .#
.....### .#
...#........### ...
...............# #..#
........#....... # .#
........#..... #
..............##JJ# ..#
...............#@.#...#
......................#
......................#
......
#..##...#..#....#
.....# #......####..###
.....# ####..## ##
#.#...# ###..##
####.).##....# #.#
#(.....##


You could see 2 jellies.

Vanquished Creatures
  A steam dragon (D:6)
  A water moccasin (D:6)
  An ice beast (D:6)
  An ogre (D:6)
  A phantom (D:6)
  2 scorpions
  2 hounds (D:6)
  Terence (D:2)
  2 iguanas (D:6)
  An orc wizard (D:6)
  2 gnolls (D:3)
  7 adders
  An adder skeleton (D:4)
  A worm (D:2)
  A dart slug (D:2)
  10 orcs
  8 ball pythons
  6 endoplasms
  3 giant cockroaches
  5 goblins
  4 hobgoblins (D:1)
  5 jackals (D:1)
  3 quokkas (D:1)
  6 bats
  6 frilled lizards
  14 kobolds
  2 rats (D:3)
97 creatures vanquished.

Vanquished Creatures (others)
  3 fungi (D:2)
  6 plants (D:2)
9 creatures vanquished.

Grand Total: 106 creatures vanquished

Notes
Turn   | Place    | Note
-------+----------+-------------------------------------------
     0 | D:1      | Peloso the Minotaur Fighter began the quest for the Orb.
     0 | D:1      | Reached XP level 1. HP: 19/19 MP: 0/0
   302 | D:1      | Reached XP level 2. HP: 21/27 MP: 1/1
   618 | D:1      | Reached XP level 3. HP: 33/33 MP: 2/2
   622 | D:1      | Reached skill level 3 in Long Blades
  1181 | D:2      | Reached skill level 1 in Dodging
  1221 | D:2      | Found a faded altar of an unknown god.
  1325 | D:2      | Identified the +9 quarterstaff of Regicide {elec, Dex+4}
  1558 | D:2      | Noticed Terence
  1570 | D:2      | Killed Terence
  1571 | D:2      | Reached XP level 4. HP: 31/40 MP: 3/3
  1927 | D:3      | Reached skill level 5 in Armour
  2129 | D:3      | Reached XP level 5. HP: 46/46 MP: 4/4
  2369 | D:4      | Noticed a black bear
  2611 | D:4      | Found a sacrificial altar of Ru.
  2611 | D:4      | Found a radiant altar of Vehumet.
  2619 | D:4      | Found a sparkling altar of Nemelex Xobeh.
  2621 | D:4      | Found a stormy altar of Qazlal.
  2623 | D:4      | Found a basalt altar of Yredelemnul.
  2812 | D:4      | Reached skill level 4 in Long Blades
  3125 | D:4      | Noticed an ogre
  3127 | D:4      | You fall into a shaft and drop 2 floors!
  3127 | D:6      | Noticed an ogre
  3130 | D:6      | Noticed a steam dragon
  3132 | D:6      | Killed an ogre
  3133 | D:6      | Reached XP level 6. HP: 35/53 MP: 5/5
  3138 | D:6      | Killed a steam dragon
  3139 | D:6      | Reached skill level 5 in Long Blades
  3144 | D:6      | Noticed a water moccasin
  3149 | D:6      | Killed a water moccasin
  3150 | D:6      | Reached skill level 5 in Fighting
  3150 | D:6      | Reached XP level 7. HP: 22/61 MP: 6/6
  3155 | D:6      | Reached skill level 6 in Long Blades
  3429 | D:6      | Reached skill level 5 in Shields
  3432 | D:6      | Reached skill level 7 in Long Blades
  3432 | D:6      | Reached skill level 1 in Stealth
  3618 | D:6      | Splashed by a jelly's acid

Illustrated notes

Levels and vault maps discovered:
D:1:      psy_arrival_statuary, layout_rooms
D:2:      layout_basic, shapermc_ecumenical_altar_mp_urbaneastern, uniq_terence
D:3:      layout_basic
D:4:      layout_basic, chequers_temple_overflow_minitemple,
          ebering_ghost_rock_garden
D:6:      layout_cave_pools, nicolae_tso_besieged_by_evil, old_standard_altar,
          kennysheep_mini, glass_columns_c

Skill      XL: |  1  2  3  4  5  6  7 |
---------------+----------------------+-----
Armour         | 4 5 6 |  6.5
Fighting       | 4 5 |  5.5
Shields        | 4 5 |  5.1
Long Blades    | 3 4 5 7 |  7.0
Dodging        | 1 2 |  2.5
Stealth        | 1 |  1.0

Action                   |  1- 3 |  4- 6 |  7- 9 || total
-------------------------+-------+-------+-------++-------
Melee: Long sword        |   107 |    81 |    40 ||   228
       Headbutt          |    14 |     7 |     2 ||    23
  Use: Scroll            |       |     3 |       ||     3
       Potion            |       |     1 |       ||     1
Armor: Scale mail        |    64 |       |       ||    64
       Chain mail        |     5 |    47 |    17 ||    69
Dodge: Dodged            |    65 |    35 |    13 ||   113
Block: Buckler           |    35 |    17 |    16 ||    68
